 Dungeon Crawl Stone Soup version 0.16-a0-4123-g49b462e (webtiles) character file.

261 Charly the Ruffian (level 5, -1/54 HPs)
             Began as a Troll Monk on Mar 2, 2015.
             Slain by a gnoll
             ... wielding a +0 whip
              (8 damage)
             ... on level 4 of the Dungeon.
             The game lasted 00:07:38 (739 turns).

Charly the Ruffian (Troll Monk)                      Turns: 739, Time: 00:07:39

Health: -1/54      AC:  5    Str: 19    XL:     5   Next: 96%
Magic:  2/2        EV: 10    Int:  7    God:
Gold:   66         SH:  0    Dex: 12    Spells: 0 memorised, 4 levels left

rFire  . . .     SeeInvis .       - Unarmed
rCold  . . .     Clarity  .     a - +0 robe
rNeg   . . .     SustAb   .     (shield restricted)
rPois  .         Gourm    +     (helmet restricted)
rElec  .         Spirit   .     (no cloak)
rCorr  .         Warding  .     (gloves unavailable)
rMut   .         Stasis   .     (boots unavailable)
MR     .....                    i - amulet of faith
Stlth  +.........               (no ring)
                                (no ring)

@: not resistant to hostile enchantments, very unstealthy
A: unfitting armour, claws 3, fast metabolism 3, gourmand, regeneration 2,
shaggy fur 1, tough skin 2
a: no special abilities


You were on level 4 of the Dungeon.
You were very full.

You visited 1 branch of the dungeon, and saw 5 of its levels.

You collected 66 gold pieces.

Inventory:

Missiles
 o - 12 poisoned needles
Armour
 a - a +0 robe (worn)
Jewellery
 i - an amulet of faith (around neck)
Magical devices
 k - a wand of digging (13)
Scrolls
 c - a scroll of remove curse {unknown}
 d - a scroll of fear {unknown}
 f - a scroll of blinking {unknown}
 g - a scroll of fog {unknown}
 n - a scroll of amnesia {unknown}
Potions
 e - a potion of magic
 j - a potion of cancellation {unknown}
 l - a potion of restore abilities {unknown}
 m - a potion of curing {unknown}
 q - a potion of lignification {unknown}
Comestibles
 b - 2 meat rations
 p - a bread ration


   Skills:
 + Level 3.8 Fighting
 - Level 2.4 Dodging
 - Level 1.1 Stealth
 * Level 6.3 Unarmed Combat


You had 4 spell levels left.
You didn't know any spells.

Dungeon Overview and Level Annotations

Branches:
Dungeon (5/15)
 Temple: D:4-7

Altars:
Dithmenos
Vehumet


Innate Abilities, Weirdness & Mutations

You are too large for most types of armour.
You have claws for hands.
Your metabolism is lightning-fast.
You like to eat raw meat.
You heal very quickly.
You are covered in fur (AC +1).
You have very tough skin (AC +2).


Message History

You closely miss the hobgoblin.
The hobgoblin is heavily wounded.
The gnoll hits you from afar with a spear!
The gnoll hits you with a whip!
* * * LOW HITPOINT WARNING * * *
The hobgoblin hits you but does no damage.
You scratch the hobgoblin but do no damage.
The hobgoblin is heavily wounded.
The hobgoblin completely misses you. The gnoll closely misses you.
The gnoll hits you with a whip.
* * * LOW HITPOINT WARNING * * *
You closely miss the hobgoblin.
The hobgoblin is heavily wounded.
The hobgoblin hits you.
* * * LOW HITPOINT WARNING * * *
The hobgoblin barely misses you.
The gnoll hits you from afar with a spear.
* * * LOW HITPOINT WARNING * * *
The gnoll hits you with a whip!
You die...

..# .! #. #.# ###... ..##...[..
#.#........ ...gg.....# .
#..g......# ..# ###g........##
... #...##@#g.........### .#
#...# ##....gggg............
..##...###....#...#......>...[.
..#............................
#....# #..#####.....P...<.....
##....# #..#(..#######...##....
#....P# #..'...#..#..#......##
#.....####..#####..#..#.##....###
..#.............##'##)#.##......#


You could see 2 gnolls and 2 hobgoblins.

Vanquished Creatures
  The ghost of hornqvist the Sneak, a weakling OpAs (D:3)
  A crimson imp (D:3)
  A centaur skeleton (D:4)
  An iguana (D:4)
  A worker ant (D:4)
  Ijyb (D:2)
  4 gnolls (D:4)
  A worm (D:3)
  An adder skeleton (D:4)
  2 giant geckos (D:1)
  2 orcs (D:4)
  2 giant cockroaches
  4 goblins
  10 hobgoblins
  5 kobolds
  2 quokkas (D:3)
  A ball python (D:1)
  5 bats
  2 giant newts
  A rat (D:4)
48 creatures vanquished.

Notes
Turn   | Place    | Note
--------------------------------------------------------------
     0 | D:1      | Charly, the Troll Monk, began the quest for the Orb.
     0 | D:1      | Reached XP level 1. HP: 22/22 MP: 1/1
    86 | D:1      | Reached XP level 2. HP: 29/29 MP: 1/1
   199 | D:2      | Found a radiant altar of Vehumet.
   231 | D:2      | Noticed Ijyb
   238 | D:2      | Killed Ijyb
   238 | D:2      | Reached XP level 3. HP: 31/36 MP: 2/2
   247 | D:2      | Found a shadowy altar of Dithmenos.
   414 | D:3      | Noticed hornqvist's ghost (weakling OpAs)
   419 | D:3      | Killed hornqvist's ghost
   419 | D:3      | Reached skill level 5 in Unarmed Combat
   419 | D:3      | Reached XP level 4. HP: 36/45 MP: 2/2
   478 | D:4      | Reached XP level 5. HP: 7/53 MP: 2/2
   514 | D:5      | Entered Level 5 of the Dungeon
   514 | D:5      | Noticed an ice beast
   582 | D:4      | Reached skill level 6 in Unarmed Combat
   739 | D:4      | Slain by a gnoll

Action                   |  1- 3 |  4- 6 || total
-------------------------+-------+-------++-------
Melee: Unarmed           |    64 |    82 ||   146
  Use: Scroll            |       |     2 ||     2
 Stab: Sleeping          |     1 |       ||     1
  Eat: Royal jelly       |     1 |       ||     1
       Beef jerky        |       |     3 ||     3
       Meat ration       |       |     1 ||     1
